 Dungeon Crawl Stone Soup version 0.24-a0-333-g864f2b5d03 (webtiles) character file.

Game seed: 7421060467452597639

1231 HAL9000 the Slicer (level 8, 0/38 HPs)
             Began as a Vine Stalker Assassin on May 17, 2019.
             Slain by an ogre
             ... wielding a +0 giant club
              (17 damage)
             ... on level 5 of the Dungeon.
             The game lasted 00:08:32 (3809 turns).

HAL9000 the Slicer (Vine Stalker Assassin)          Turns: 3809, Time: 00:08:33

Health: 0/38       AC:  6    Str: 17    XL:     8   Next: 48%
Magic:  0/9        EV: 11    Int: 14    God:
Gold:   318        SH:  0    Dex: 15    Spells: 7/7 levels left

rFire    . . .     SeeInvis .   v - +10 falchion "Globulus" {slice, rPois MR+}
rCold    + . .     Gourm    .   (no shield)
rNeg     . . .     Faith    .   b - +0 robe
rPois    +         Spirit   +   p - +2 helmet {Int+3}
rElec    .         Reflect  .   E - scarf {cloud immunity}
rCorr    .         Harm     .   (no gloves)
MR       ++...                  h - +0 pair of boots
Stlth    +++.......             G - amulet of rage
HPRegen  0.52/turn              r - ring of protection from cold
MPRegen  0.11/turn              (no ring)

@: no status effects
A: fangs 3, regeneration 1, magic shield, antimagic bite, no potion heal 3, rot
immunity
a: Evoke Berserk Rage


You were on level 5 of the Dungeon.
You were not hungry.

You visited 1 branch of the dungeon, and saw 5 of its levels.

You collected 318 gold pieces.

Inventory:

Hand Weapons
 a - a +2 dagger of draining
 v - the +10 falchion "Globulus" (weapon) {slice, rPois MR+}
   (You found it on level 4 of the Dungeon)

   It inflicts extra damage upon your enemies.
   It protects you from poison.
   It affects your resistance to hostile enchantments.
Missiles
 d - 25 poisoned darts
 e - a curare-tipped dart (quivered)
Armour
 b - a +0 robe (worn)
 h - a +0 pair of boots (worn)
 p - a +2 helmet of intelligence (worn)
 E - a scarf of cloud immunity (worn)
Jewellery
 r - a ring of protection from cold (left hand)
 G - an amulet of rage (around neck)
Wands
 s - a wand of random effects (16)
 y - a wand of digging (5)
 F - a wand of flame (25)
Scrolls
 g - 7 scrolls of teleportation
 i - a scroll of enchant weapon {unknown}
 n - 2 scrolls of blinking {unknown}
 w - a scroll of enchant armour {unknown}
 x - a scroll of remove curse
 z - 2 scrolls of immolation {unknown}
 B - a scroll of noise {unknown}
 C - 3 scrolls of amnesia {unknown}
Potions
 j - 5 potions of curing
 k - a potion of magic {unknown}
 m - a potion of flight
 o - 2 potions of might
 q - 2 potions of ambrosia
 t - a potion of haste
 u - 4 potions of berserk rage {unknown}
 D - a potion of brilliance {unknown}
 H - a potion of resistance {unknown}
Comestibles
 f - 16 rations


   Skills:
 - Level 1.7 Fighting
 + Level 9.3 Short Blades
 - Level 1.7 Throwing
 - Level 0.7 Dodging
 - Level 4.8 Stealth


You had 7 spell levels left.
You didn't know any spells.
Your spell library was empty.

Dungeon Overview and Level Annotations

Branches:
Dungeon (5/15)
 Temple: D:4-7

Altars:
Cheibriados
Elyvilon
Fedhas
Gozag
Nemelex Xobeh
Trog
Wu Jian

Annotations:
D:4 2 transporters


Innate Abilities, Weirdness & Mutations

You have razor-sharp teeth.
Your natural rate of healing is unusually fast.
When hurt, damage is shared between your health and your magic reserves.
Your bite disrupts and absorbs the magic of your enemies.
Potions cannot restore your health.
You are immune to rotting.


Message History

No target in view!
You open the door.
Found two altars.
There is an open door here.
No target in view!
There is an open door here.
All of the chunks of flesh in your inventory have rotted away.
An ogre comes into view. It is wielding a +0 giant club.
The helpless ogre fails to defend itself.
You slash the ogre! You bite the ogre. You drain its power.
The ogre is severely wounded.
The ogre hits you with a +0 giant club!!
Ouch! That really hurt!
You are too injured to fight recklessly!
You are too injured to fight recklessly!
Unknown command.
You barely miss the ogre.
The ogre is severely wounded.
The ogre hits you with a +0 giant club!!
You die...

.###......####
#######.###
..###..##....# #.......#
..###...#.##.# ####....#
.............# #....###
.............# ###....#
........#...## ######
#...## ...........##
#....# #.#.#
..........######....#
###.### ..^.......#
#...@...# #≈#'#≈#
.....#.#..###.##.O..#
#_..._#
............#.##....#
#######
.....#.##..............
..........#...########.#
#......#.......# #
#..##..#.......# .....
#.......# ##.. #.#######


You could see an ogre.

Vanquished Creatures
  Sigmund (D:2)
  A sky beast (D:5)
  A phantom (D:4)
  2 ogres (D:4)
  2 scorpions
  3 howler monkeys
  2 centaur skeletons (D:4)
  An orc priest (D:4)
  A jelly (D:5)
  2 orc wizards
  A hound zombie (D:5)
  Robin (D:2)
  7 gnolls
  8 adders
  2 shadow imps (D:5)
  An ooze (D:2)
  An adder skeleton (D:4)
  4 worms
  4 dart slugs
  6 leopard geckos
  10 orcs
  6 giant cockroaches
  19 goblins
  10 hobgoblins
  11 jackals
  4 quokkas
  9 bats
  A frilled lizard (D:1)
  11 kobolds
  A leopard gecko skeleton (D:5)
  15 rats
148 creatures vanquished.

Notes
Turn   | Place    | Note
-------+----------+-------------------------------------------
     0 | D:1      | HAL9000 the Vine Stalker Assassin began the quest for the
                  | Orb.
     0 | D:1      | Reached XP level 1. HP: 11/11 MP: 2/2
    70 | D:1      | Reached skill level 2 in Short Blades
    91 | D:1      | Reached XP level 2. HP: 13/15 MP: 3/3
   253 | D:1      | Reached skill level 3 in Short Blades
   472 | D:1      | Reached XP level 3. HP: 18/18 MP: 4/4
   762 | D:2      | Noticed Sigmund
   768 | D:2      | Killed Sigmund
   768 | D:2      | Reached skill level 5 in Short Blades
   768 | D:2      | Gained mutation: Your natural rate of healing is unusually
                  | fast. [Vine Stalker growth]
   768 | D:2      | Reached XP level 4. HP: 21/23 MP: 5/5
   768 | D:2      | Reached XP level 5. HP: 24/26 MP: 6/6
  1016 | D:2      | Reached XP level 6. HP: 20/30 MP: 3/7
  1031 | D:2      | Found an ornate altar of the Wu Jian Council.
  1445 | D:3      | Noticed Robin
  1536 | D:2      | Killed Robin
  1610 | D:3      | Reached skill level 6 in Short Blades
  2413 | D:4      | Reached XP level 7. HP: 30/34 MP: 8/8
  2486 | D:4      | Reached skill level 7 in Short Blades
  2587 | D:4      | Got a faintly glowing falchion
  2588 | D:4      | Identified the +10 falchion "Globulus" {slice, rPois MR+}
                  | (You found it on level 4 of the Dungeon)
  2590 | D:4      | Found an opulent altar of Gozag.
  2753 | D:4      | Found a bloodstained altar of Trog.
  2930 | D:4      | Found a transporter.
  2971 | D:4      | Reached skill level 8 in Short Blades
  3025 | D:4      | Found a transporter.
  3181 | D:4      | Gained mutation: You have razor-sharp teeth. [Vine Stalker
                  | growth]
  3181 | D:4      | Reached XP level 8. HP: 31/38 MP: 7/9
  3393 | D:5      | Entered Level 5 of the Dungeon
  3475 | D:5      | Reached skill level 9 in Short Blades
  3664 | D:5      | Found a blossoming altar of Fedhas.
  3673 | D:5      | Found a sparkling altar of Nemelex Xobeh.
  3751 | D:5      | Found a white marble altar of Elyvilon.
  3751 | D:5      | Found a snail-covered altar of Cheibriados.
  3809 | D:5      | Slain by an ogre

Levels and vault maps discovered:
D:1:      ebering_trefoil_twist, layout_basic
D:2:      layout_loops_ring, lemuel_round_altar, minmay_puff, uniq_sigmund
D:3:      layout_loops_ring, first_ration, minmay_joined_circles, uniq_robin
D:4:      gammafunk_wand_slinger, layout_loops_corners,
          nicolae_gozag_seed_capital, grunt_decor_cap, trog_hazing_becter
D:5:      layout_basic, kennysheep_mini, kennysheep_mini_moat,
          gammafunk_temple_overflow_elements

Skill      XL: |  1  2  3  4  5  6  7  8 |
---------------+-------------------------+-----
Short Blades   | 2 3 5 6 8 9 |  9.3
Fighting       | |  1.7
Throwing       | |  1.7
Dodging        | |  0.7
Stealth        | |  4.8

Action                   |  1- 3 |  4- 6 |  7- 9 || total
-------------------------+-------+-------+-------++-------
Melee: Dagger            |    81 |   189 |    21 ||   291
       Bite              |    19 |    50 |    22 ||    91
       Falchion          |       |       |    75 ||    75
Throw: Dart              |       |     1 |     2 ||     3
  Use: Scroll            |       |     6 |     2 ||     8
 Stab: Sleeping          |     6 |    14 |     8 ||    28
       Distracted        |       |     2 |     3 ||     5
  Eat: Chunk             |       |     4 |     5 ||     9
Armor: Robe              |    30 |    36 |    20 ||    86
Dodge: Dodged            |    57 |    86 |    64 ||   207
       Rpst.: Falchion   |       |       |    16 ||    16

Table legend:
 A = Non-vault XP
 B = Vault XP
 C = Vault XP percentage of total XP
 D = Non-vault monster count
 E = Vault monster count
 F = Vault count percentage of total count
                 A         B        C        D         E       F
            +---------+---------+-------+---------+---------+-------
      Total |    1343 |     416 |  23.6 |     113 |      35 |  23.6
            +---------+---------+-------+---------+---------+-------
        D:1 |      38 |       0 |   0.0 |      22 |       0 |   0.0
        D:2 |      90 |     264 |  74.6 |      22 |      14 |  38.9
        D:3 |      47 |     141 |  75.0 |      24 |      15 |  38.5
        D:4 |     710 |      11 |   1.5 |      28 |       6 |  17.6
        D:5 |     458 |       0 |   0.0 |      17 |       0 |   0.0
            +---------+---------+-------+---------+---------+-------
